 Dungeon Crawl Stone Soup version 0.21.1-1-g345015f (webtiles) character file.

393 aMcNicky the Basher (level 6, -1/52 HPs)
             Began as a Minotaur Berserker on Mar 3, 2018.
             Was a Believer of Trog.
             Slain by an ogre
             ... wielding a +0 giant club
              (13 damage)
             ... on level 4 of the Dungeon.
             The game lasted 00:08:54 (2026 turns).

aMcNicky the Basher (Minotaur Berserker)            Turns: 2026, Time: 00:08:55

Health: -1/52      AC:  8    Str: 23    XL:     6   Next: 51%
Magic:  5/5        EV: 11    Int:  4    God:    Trog [**....]
Gold:   184        SH:  0    Dex: 10    Spells: 5/5 levels left

rFire    . . .     SeeInvis .   a - +0 mace
rCold    . . .     Gourm    .   (no shield)
rNeg     . . .     Faith    .   g - +0 scale mail
rPois    .         Spirit   .   (helmet restricted)
rElec    .         Reflect  .   (no cloak)
rCorr    .         Harm     .   (no gloves)
MR       ++...                  h - +0 pair of boots
Stlth    ..........             (no amulet)
HPRegen  1.17/turn              (no ring)
MPRegen  0.09/turn              (no ring)

@: berserk cooldown, regenerating
A: retaliatory headbutt, horns 2
a: Berserk, Trog's Hand, Burn Spellbooks, Renounce Religion


You were on level 4 of the Dungeon.
You worshipped Trog.
Trog was pleased with you.
You were not hungry.

You visited 1 branch of the dungeon, and saw 4 of its levels.

You collected 184 gold pieces.

Inventory:

Hand Weapons
 a - a +0 mace (weapon)
Armour
 b - a +0 animal skin
 g - a +0 scale mail (worn)
 h - a +0 pair of boots (worn)
 n - a scarf of spirit shield
Jewellery
 o - a cursed ring of loudness {unknown}
Scrolls
 i - a scroll of amnesia {unknown}
 j - 2 scrolls of identify {unknown}
 q - 2 scrolls of fear {unknown}
 r - a scroll of enchant armour {unknown}
 s - a scroll of enchant weapon {unknown}
 u - a scroll of remove curse {unknown}
 v - a scroll of teleportation {unknown}
Potions
 d - a potion of heal wounds {unknown}
 e - 3 potions of mutation {unknown}
 f - a potion of agility
 k - a potion of brilliance {unknown}
 l - 2 potions of flight {unknown}
 m - 2 potions of might {unknown}
 p - 2 potions of curing {unknown}
Comestibles
 c - 6 rations
 t - a chunk of flesh


   Skills:
 + Level 4.2 Fighting
 * Level 8.0 Maces & Flails
 - Level 3.3 Armour
 + Level 3.0 Dodging


You had 5 spell levels left.
You didn't know any spells.

Dungeon Overview and Level Annotations

Branches:
Dungeon (4/15)
 Temple: D:4-7

Altars:
Dithmenos


Innate Abilities, Weirdness & Mutations

You reflexively headbutt those who attack you in melee.
You have a pair of horns on your head.


Message History

Aim: an ogre, wielding a giant club
Okay, then.
Firing (i - inventory): No suitable missiles.
Press: ? - help, Shift-Dir - straight line, f/p - ogre
Aim: an ogre, wielding a giant club
Okay, then.
Your skin crawls.
You feel resistant to hostile enchantments.
You feel somewhat more hungry.
You feel yourself speed up.
You barely miss the ogre. You headbutt the ogre.
The ogre is lightly wounded.
The ogre hits you with a giant club!!
* * * LOW HITPOINT WARNING * * *
You're still recovering from your berserk rage.
You sock the ogre! You headbutt the ogre.
The ogre is severely wounded.
You feel the effects of Trog's Hand fading.
The ogre hits you with a giant club!
You die...

#.#.#### #..###.## .#
##..###..# (#
####.....#..# .#
............## ##.#
.#...........# #..#
#............## #..#
#.............###..####..
#..............†@O)......
#..............†.).......
##.....##...............#
#.....###..######.....##
#.....# ##.. ....## #
....## #. ...... ... ..
....... ... ..##### ...


You could see an ogre.

Vanquished Creatures
  An ogre (D:4)
  A howler monkey (D:4)
  2 orc wizards (D:3)
  A worker ant (D:4)
  6 gnolls
  3 adders (D:3)
  2 oozes (D:2)
  2 worms
  A dart slug (D:1)
  A leopard gecko (D:2)
  13 orcs
  4 giant cockroaches
  14 goblins
  7 hobgoblins
  2 jackals (D:3)
  3 kobolds
  A quokka (D:4)
  3 ball pythons
  6 bats
  6 frilled lizards
  5 rats
84 creatures vanquished.

Notes
Turn   | Place    | Note
-------+----------+-------------------------------------------
     0 | D:1      | aMcNicky the Minotaur Berserker began the quest for the Orb.
     0 | D:1      | Reached XP level 1. HP: 19/19 MP: 0/0
   250 | D:1      | Reached XP level 2. HP: 27/27 MP: 1/1
   839 | D:1      | Reached skill level 4 in Maces & Flails
   844 | D:1      | Reached XP level 3. HP: 33/33 MP: 2/2
  1071 | D:2      | Reached XP level 4. HP: 39/40 MP: 3/3
  1164 | D:2      | Found a shadowy altar of Dithmenos.
  1236 | D:2      | Reached ** piety under Trog
  1413 | D:3      | Reached skill level 5 in Maces & Flails
  1510 | D:3      | Reached XP level 5. HP: 46/46 MP: 4/4
  1600 | D:3      | Reached skill level 6 in Maces & Flails
  1983 | D:4      | Reached skill level 7 in Maces & Flails
  1983 | D:4      | Reached XP level 6. HP: 34/52 MP: 5/5
  1998 | D:4      | Reached skill level 8 in Maces & Flails
  2026 | D:4      | Slain by an ogre

Skill      XL: |  1  2  3  4  5  6 |
---------------+-------------------+-----
Fighting       | 4 |  4.2
Maces & Flails | 4 5 7 8 |  8.0
Armour         | 3 |  3.3
Dodging        | 3 |  3.0

Action                   |  1- 3 |  4- 6 || total
-------------------------+-------+-------++-------
Melee: Mace              |    60 |   117 ||   177
       Headbutt          |    12 |    22 ||    34
Invok: Berserk           |       |     3 ||     3
       Trog's Hand       |       |     1 ||     1
  Eat: Chunk             |     1 |     6 ||     7
Armor: Scale mail        |    30 |    51 ||    81
Dodge: Dodged            |    48 |    73 ||   121
